 Dungeon Crawl Stone Soup version 0.30.0-17-ge0270778cf (webtiles) character file.

Game seed: 18387780214313842350

56 Sabo the Gusty (level 3, -2/19 HPs)
             Began as a Deep Elf Air Elementalist on May 21, 2023.
             Slain by a gnoll
             ... wielding a +0 flail
              (8 damage)
             ... on level 2 of the Dungeon.
             The game lasted 00:09:03 (1979 turns).

Sabo the Gusty (Deep Elf Air Elementalist)          Turns: 1979, Time: 00:09:07

Health: -2/19      AC:  2    Str:  5    XL:     3   Next: 69%
Magic:  7/10       EV: 13    Int: 21    God:
Gold:   55         SH:  0    Dex: 21    Spells: 8/9 levels left

rFire   . . .        d - +0 quarterstaff
rCold   . . .        (shield currently unavailable)
rNeg    . . .        a - +0 robe
rPois   .            (no helmet)
rElec   .            (no cloak)
rCorr   .            (no gloves)
SInv    .            (no boots)
Will    .....        (no amulet)
Stlth   +++          k - +6 ring of dexterity
HPRegen 0.23/turn    (no ring)
MPRegen 0.12/turn

%: no passive effects
@: no status effects
A: no striking features
a: no special abilities


You were on level 2 of the Dungeon.
You visited 1 branch of the dungeon, and saw 2 of its levels.

You collected 55 gold pieces.

Inventory:

Hand Weapons
 c - a +0 whip
 d - a +0 quarterstaff (weapon)
 f - a +0 hand axe
 q - a +0 sling
Missiles
 j - a throwing net
Armour
 a - a +0 robe (worn)
Magical Staves
 g - a staff of poison
Jewellery
 k - a +6 ring of dexterity (left hand)
Scrolls
 h - a scroll of enchant weapon {unknown}
 i - a scroll of teleportation {unknown}
 l - a scroll of identify {unknown}
 m - a scroll of fog {unknown}
 o - a scroll of vulnerability {unknown}
 p - a scroll of poison {unknown}
 r - a scroll of magic mapping {unknown}
Potions
 e - a potion of brilliance {unknown}
 n - a potion of attraction {unknown}


   Skills:
 + Level 0.1 Staves
 + Level 2.9 Dodging
 + Level 2.7 Stealth
 + Level 3.5 Spellcasting
 + Level 1.9 Conjurations
 + Level 3.7 Air Magic


You had 8 spell levels left.
You knew the following spells:

 Your Spells              Type           Power      Damage    Failure   Level
a - Shock                 Conj/Air       60%        1d6       3%          1

Your spell library contained the following spells:

 Spells                   Type           Power      Damage    Failure   Level
 Static Discharge         Conj/Air       30%        2-4/arc   6%          2
 Swiftness                Air            19%        N/A       9%          3
 Airstrike                Air            9%         2d(2-18)  26%         4


Dungeon Overview and Level Annotations

Branches:
Dungeon (2/15)

Altars:


Message History

Press: ? - help, Shift-Dir - straight line, f/p - gnoll
Aim: a gnoll, wielding a +0 whip (severely wounded, 75% to hit)
The zap hits the gnoll.
The gnoll is severely wounded.
The zap misses the gnoll.
The gnoll completely misses you.
Casting: Shock (safe; 4% risk of failure)
Confirm with . or Enter, or press ? or * to list all spells.
Aiming: Shock (safe; 4% risk of failure)
Press: ? - help, Shift-Dir - straight line, f/p - gnoll
Aim: a gnoll, wielding a +0 whip (severely wounded, 75% to hit)
The zap hits the gnoll.
You kill the gnoll!
The gnoll closely misses you. The gnoll misses you.
Magic courses through your body. The gnoll hits you with a +0 club!
The gnoll misses you.
Casting: Shock (safe; 3% risk of failure)
Confirm with . or Enter, or press ? or * to list all spells.
Aiming: Shock (safe; 3% risk of failure)
Press: ? - help, Shift-Dir - straight line, f - gnoll
Aim: a gnoll, wielding a +0 club (heavily wounded, 75% to hit)
The zap hits the gnoll but does no damage.
The gnoll is heavily wounded.
The gnoll closely misses you. x2
Casting: Shock (safe; 3% risk of failure)
Confirm with . or Enter, or press ? or * to list all spells.
Aiming: Shock (safe; 3% risk of failure)
Press: ? - help, Shift-Dir - straight line, f/p - gnoll
Aim: a gnoll, wielding a +0 club (heavily wounded, 75% to hit)
The zap hits the gnoll.
The gnoll is severely wounded.
The gnoll hits you with a +0 club. The gnoll misses you.
Casting: Shock (safe; 3% risk of failure)
Confirm with . or Enter, or press ? or * to list all spells.
Aiming: Shock (safe; 3% risk of failure)
Press: ? - help, Shift-Dir - straight line, f/p - gnoll
Aim: a gnoll, wielding a +0 club (severely wounded, 75% to hit)
The zap hits the gnoll.
You kill the gnoll!
The gnoll hits you with a +0 flail!
You die...

........#..........
#.......... ..
######......#### ..>
............##.. ....
..........####..
....####................
###..........#........##
#.....)......#........##
###...)@.....#..........
......g......#.....)....
.............#..........
###.....######..........
#................#......
###........########.....
............... #####
..............# ##
###..#........# ... #..


You could see a gnoll.

Vanquished Creatures
  3 gnolls (D:2)
  2 worms (D:2)
  2 ball pythons (D:1)
  An endoplasm (D:1)
  A giant cockroach (D:1)
  2 goblins
  2 hobgoblins (D:1)
  A quokka (D:2)
  3 bats
  3 frilled lizards
  7 kobolds (D:1)
  9 rats
36 creatures vanquished.

Notes
Turn   | Place    | Note
-------+----------+-------------------------------------------
     0 | D:1      | Sabo the Deep Elf Air Elementalist began the quest for the
                  | Orb.
     0 | D:1      | Reached XP level 1. HP: 10/10 MP: 6/6
   318 | D:1      | Reached XP level 2. HP: 13/15 MP: 6/8
  1359 | D:2      | Reached XP level 3. HP: 19/19 MP: 2/9
  1979 | D:2      | Slain by a gnoll

Illustrated notes

Levels and vault maps discovered:
D:1:      giann_wishing_wells, layout_loops_ring, chequers_avenue,
          minmay_box_of_dots
D:2:      layout_basic, basic_ecumenical_altar, minmay_misc_feat_nine_boxes,
          nicolae_grassy_gnolls

Action                     || total
---------------------------++-------
  Melee: Quarterstaff      ||    18
   Cast: Shock             ||    80
    Use: Potion            ||     1
 Armour: Robe              ||     6
  Dodge: Dodged            ||    20
